 Dungeon Crawl Stone Soup version 0.30-a0-737-gf23d94013f (webtiles) character file.

Game seed: 2775993148121474111

433 testman the Sneak (level 7, -1/44 HPs)
             Began as a Kobold Brigand on Feb 2, 2023.
             Was an Initiate of Wu Jian.
             Splashed by a jelly's acid (7 damage)
             ... on level 5 of the Dungeon.
             The game lasted 00:14:28 (4155 turns).

testman the Sneak (Kobold Brigand)                  Turns: 4155, Time: 00:14:29

Health: -1/44      AC: -5    Str:  9    XL:     7   Next: 20%
Magic:  7/7        EV: 14    Int: 12    God:    Wu Jian [......]
Gold:   220        SH:  0    Dex: 18    Spells: 6/6 levels left

rFire   . . .      SeeInvis +    g - +2 dagger (flame)
rCold   . . .      Faith    .    (no shield)
rNeg    . . .      Spirit   .    b - +0 robe
rPois   .          Reflect  .    (no helmet)
rElec   .          Harm     .    c - +0 cloak
rCorr   .          Rampage  .    (no gloves)
Will    .....                    (no boots)
Stlth   +++++                    z - amulet of magic regeneration
HPRegen 0.27/turn                i - ring of see invisible
MPRegen 0.50/turn                (no ring)

@: corroded
A: small, no large weapons, nightstalker 3
a: Renounce Religion


You were on level 5 of the Dungeon.
You worshipped Wu Jian.
Wu Jian was noncommittal.
You visited 1 branch of the dungeon, and saw 5 of its levels.

You collected 220 gold pieces.

Inventory:

Hand Weapons
 a - a +2 dagger
 g - a +2 dagger of flaming (weapon)
 B - a +2 vampiric short sword
Missiles
 d - 20 poisoned darts (quivered)
 e - 2 curare-tipped darts
Armour
 b - a +0 robe (worn)
 c - a +0 cloak (worn)
Jewellery
 i - a ring of see invisible (left hand)
 l - a ring of fire
 z - an amulet of magic regeneration (around neck)
Wands
 r - a wand of charming (4)
 x - a wand of light (5)
Scrolls
 f - 6 scrolls of identify {unknown}
 h - a scroll of fear {unknown}
 m - 4 scrolls of vulnerability {unknown}
 n - a scroll of torment {unknown}
 o - 2 scrolls of enchant armour {unknown}
 s - 4 scrolls of magic mapping {unknown}
 t - a scroll of silence {unknown}
 v - a scroll of enchant weapon {unknown}
 y - a scroll of immolation {unknown}
 A - a scroll of teleportation {unknown}
Potions
 j - a potion of invisibility {unknown}
 k - 2 potions of magic {unknown}
 p - a potion of heal wounds
 q - 3 potions of curing {unknown}
 u - a potion of cancellation {unknown}
 w - a potion of degeneration {unknown}


   Skills:
 + Level 4.3 Fighting
 + Level 5.2 Short Blades
 + Level 4.3 Throwing
 - Level 1.2 Dodging
 + Level 7.3 Stealth


You had 6 spell levels left.
You didn't know any spells.
Your spell library contained the following spells:

 Spells                   Type           Power      Damage    Failure   Level
 Beastly Appendage        Tmut           0%         N/A       32%         1
 Wereblood                Tmut           0%         N/A       45%         2
 Spider Form              Tmut/Pois      0%         N/A       69%         3
 Stone Arrow              Conj/Erth      0%         3d7       69%         3
 Animate Armour           Summ/Erth      0%         N/A       97%         4
 Lehudib's Crystal Spear  Conj/Erth      0%         10d2      100%        8


Dungeon Overview and Level Annotations

Branches:
Dungeon (5/15)
 Temple: D:4-7

Altars:
Cheibriados
Qazlal
Ru
Trog
Vehumet
Wu Jian
Yredelemnul


Innate Abilities, Weirdness & Mutations

You are small and have problems with some larger weapons.
You are completely attuned to the shadows.


Message History

You burn the jelly. The acid corrodes you!
Your hands burn!
The jelly is moderately wounded.
You feel sick. The jelly closely misses you.
You hit the jelly. You burn the jelly. The acid corrodes you!
Your hands burn!
The jelly is moderately wounded.
You feel sick. The jelly barely misses you.
You hit the jelly but do no damage.
Your hands burn!
The jelly is moderately wounded.
You feel sick. The jelly hits you.
You are splashed with acid!
* * * LOW HITPOINT WARNING * * *
It was a potion of heal wounds.
You feel much better.
You feel sick. The jelly hits you.
You are splashed with acid!
Okay, then.
Okay, then.
You hit the jelly. You burn the jelly.
Your hands burn!
* * * LOW HITPOINT WARNING * * *
The jelly is heavily wounded.
You feel sick.
You are no longer poisoned.
The jelly barely misses you. The jelly attacks as you move away!
The jelly completely misses you. The jelly attacks as you move away!
The jelly misses you. The jelly attacks as you move away!
The jelly barely misses you. The jelly attacks as you move away!
The jelly closely misses you.
Okay, then.
Okay, then.
You feel much better. The jelly barely misses you.
You hit the jelly but do no damage.
Your hands burn!
The jelly is heavily wounded.
You hit the jelly but do no damage.
Your hands burn!
The jelly is heavily wounded.
The jelly hits you.
You are splashed with acid!
* * * LOW HITPOINT WARNING * * *
You hit the jelly but do no damage.
Your hands burn!
* * * LOW HITPOINT WARNING * * *
The jelly is heavily wounded.
The jelly hits you.
* * * LOW HITPOINT WARNING * * *
You are splashed with acid!
You die...

#.## ##......# ..
#.. ... ...#
#.###.# #.# ...
##.....#####.##.#.#
....#.............#
#.#######.##...|
#J# #.# ..## #@###
#.# .... #####...##
#<# .###
###.##......
#..#......##
#####.###..##.##
.....#####.....#
#####.#.#.###..#
#..#.####..#
#.###.....<#


You could see a jelly.

Vanquished Creatures
  3 hounds
  A gnoll bouda (D:4)
  A human zombie (D:4)
  Crazy Yiuf (D:3)
  Jessica (D:3)
  8 gnolls
  4 adders
  A shadow imp (D:4)
  An ufetubus (D:3)
  A worm (D:2)
  2 dart slugs (D:1)
  An orc (D:4)
  11 endoplasms
  4 giant cockroaches
  7 goblins
  8 hobgoblins
  4 jackals (D:1)
  6 quokkas
  8 ball pythons
  9 bats
  5 frilled lizards
  A jackal zombie (D:4)
  6 kobolds
  3 rats
97 creatures vanquished.

Vanquished Creatures (others)
  A giant cockroach (D:4)
  A hobgoblin (D:3)
2 creatures vanquished.

Grand Total: 99 creatures vanquished

Notes
Turn   | Place    | Note
-------+----------+-------------------------------------------
     0 | D:1      | testman the Kobold Brigand began the quest for the Orb.
     0 | D:1      | Reached XP level 1. HP: 12/12 MP: 1/1
   139 | D:1      | Reached XP level 2. HP: 18/18 MP: 2/2
   306 | D:1      | Reached XP level 3. HP: 22/22 MP: 3/3
   368 | D:1      | Found a faded altar of an unknown god.
   537 | D:1      | Reached XP level 4. HP: 7/27 MP: 4/4
   710 | D:1      | Reached skill level 6 in Stealth
  1674 | D:1      | Reached XP level 5. HP: 16/32 MP: 5/5
  2285 | D:3      | Found a stormy altar of Qazlal.
  2579 | D:3      | Noticed Jessica
  2588 | D:3      | Killed Jessica
  2765 | D:3      | Found a runed translucent door.
  2768 | D:3      | Noticed Crazy Yiuf
  2778 | D:3      | Killed Crazy Yiuf
  2779 | D:3      | Reached XP level 6. HP: 23/37 MP: 6/6
  2781 | D:3      | Identified the +0 hammer "Metaas" {drain, rElec}
  2892 | D:3      | Found a snail-covered altar of Cheibriados.
  2892 | D:3      | Found a bloodstained altar of Trog.
  3487 | D:4      | Found a sacrificial altar of Ru.
  3492 | D:4      | Became a worshipper of Ru the Awakened
  3558 | D:4      | Found a radiant altar of Vehumet.
  3726 | D:4      | Found an ornate altar of the Wu Jian Council.
  3731 | D:4      | Fell from the grace of Ru
  3731 | D:4      | Became a worshipper of the Wu Jian Council
  3784 | D:4      | Reached skill level 7 in Stealth
  3920 | D:4      | Noticed a human
  3925 | D:4      | Found a runed translucent door.
  3948 | D:4      | Found a basalt altar of Yredelemnul.
  3994 | D:4      | Reached skill level 5 in Short Blades
  3994 | D:4      | Reached XP level 7. HP: 37/43 MP: 7/7
  4081 | D:5      | Entered Level 5 of the Dungeon
  4155 | D:5      | Splashed by a jelly's acid

Illustrated notes

Levels and vault maps discovered:
D:1:      evilmike_arrival_fibonacci_small, layout_basic,
          shapermc_ecumenical_altar_mp_vishouse, minivault_11,
          minmay_misc_feat_iff
D:2:      layout_loops_ring, fountainhead
D:3:      layout_loops_corners, amcnicky_altar_gilded,
          gammafunk_temple_overflow_statue, serial_rivers,
          chequers_serial_rivers_room_b, chequers_serial_rivers_micro_a,
          chequers_serial_rivers_room_a, chequers_serial_rivers_large_b,
          uniq_jessica, uniq_crazy_yiuf_cottage
D:4:      layout_rooms, nicolae_ru_sacrificial_ziggurat,
          nicolae_wu_jian_immortal_techniques, dk_yredelemnul_ordeal,
          mainiacjoe_overflow_small_starburst
D:5:      layout_loops_ring, kennysheep_mini, lemuel_blue_sif_altar,
          minmay_temple_entry_butterflies, portal_sewer_entry_c, uniq_menkaure

Skill      XL: |  1  2  3  4  5  6 |
---------------+-------------------+-----
Short Blades   | 3 4 5 |  5.2
Stealth        | 6 7 |  7.3
Fighting       | 3 4 |  4.3
Throwing       | 3 4 |  4.3
Dodging        | |  1.2

Action                     |  1- 3 |  4- 6 |  7- 9 || total
---------------------------+-------+-------+-------++-------
  Melee: Dagger            |    64 |   186 |    21 ||   271
         Punch             |     1 |     5 |     1 ||     7
  Throw: Dart              |     1 |     5 |       ||     6
Ability: Lunge             |       |     5 |     5 ||    10
    Use: Potion            |       |       |     2 ||     2
   Stab: Sleeping          |    19 |    23 |     2 ||    44
         Distracted        |       |     2 |       ||     2
 Armour: Robe              |     5 |    15 |       ||    20
  Dodge: Dodged            |    31 |    71 |    15 ||   117

Table legend: (Time is in decaauts)
 A = Elapsed time spent in this place.
 B = Non-inter-level travel time spent in this place.
 C = Inter-level travel time spent in this place.
 D = Time resting spent in this place.
 E = Time spent auto-exploring this place.
 F = Levels seen in this place.
 G = Mean time per level.
                   A        B        C        D        E       F      G
               +--------+--------+--------+--------+--------+-----+--------+
         Total |   4154 |   4036 |    118 |    443 |   2749 |   5 |  830.8 |
       Dungeon |   4154 |   4036 |    118 |    443 |   2749 |   5 |  830.8 |
               +--------+--------+--------+--------+--------+-----+--------+

Top non-repeatable levels by time:
     D:3: 1315 daAuts
     D:1: 1007 daAuts
     D:2: 958 daAuts
     D:4: 802 daAuts
     D:5: 70 daAuts
